 Dungeon Crawl Stone Soup version 0.31.0-12-g77e489cdc1 (webtiles) character file.

Game seed: 6170121952784914310

99 booth the Chopper (level 4, -5/34 HPs)
             Began as a Demonspawn Gladiator on Feb 29, 2024.
             Killed by divine providence
             ... invoked by an orc priest
              (10 damage)
             ... on level 3 of the Dungeon.
             The game lasted 00:16:39 (2387 turns).

booth the Chopper (Demonspawn Gladiator)            Turns: 2387, Time: 00:16:40

Health: -5/34      AC:  5    Str: 16    XL:     4   Next: 45%
Magic:  4/4        EV: 11    Int:  8    God:
Gold:   185        SH:  5    Dex: 15    Spells: 3/3 levels left

rFire   . . .        a - +0 war axe
rCold   . . .        (no shield)
rNeg    + . .        f - +0 ring mail
rPois   +            (helmet restricted)
rElec   .            (no cloak)
rCorr   .            (no gloves)
SInv    .            (no boots)
Will    .....        m - amulet of reflection
Stlth   +            g - ring of poison resistance
HPRegen 0.25/turn    h - ring of positive energy
MPRegen 0.09/turn

%: reflection
@: no status effects
A: antennae 1
a: no special abilities


You were on level 3 of the Dungeon.
You visited 1 branch of the dungeon, and saw 3 of its levels.

You collected 185 gold pieces.

Inventory:

Hand Weapons
 a - a +0 war axe (weapon)
 o - a +0 mace
Missiles
 d - 3 throwing nets (quivered)
 e - 4 javelins
 l - 14 poisoned darts
Armour
 f - a +0 ring mail (worn)
Jewellery
 g - a ring of poison resistance (left hand)
 h - a ring of positive energy (right hand)
 k - a ring of resist corrosion
 m - an amulet of reflection (around neck)
 q - a ring of protection from fire
Wands
 i - a wand of polymorph (12)
Scrolls
 c - 3 scrolls of teleportation
 p - a scroll of amnesia {unknown}
 r - a scroll of vulnerability
Potions
 b - a potion of curing
 j - a potion of might
 n - a potion of magic {unknown}


   Skills:
 + Level 2.8 Fighting
 * Level 3.7 Axes
 + Level 2.4 Throwing
 - Level 3.1 Dodging


You had 3 spell levels left.
You didn't know any spells.
Your spell library contained the following spells:

 Spells                   Type           Power      Damage    Failure   Level
 Apportation              Tloc           0%         N/A       63%         1
 Necrotise                Necr           0%         1d4       63%         1
 Sting                    Conj/Alch      0%         1d3       63%         1
 Summon Small Mammal      Summ           0%         N/A       63%         1


Dungeon Overview and Level Annotations

Branches:
Dungeon (3/15)

Altars:

Shops:
D:3 (


Innate Abilities, Weirdness & Mutations

You have a pair of small antennae on your head.


Message History

You block the boomerang with an invisible shield... and reflect it back!
The boomerang hits the orc but does no damage.
You hear a shout!
An orc priest comes into view. It is wielding a +0 flail.
The orc priest shouts!
The orc throws a boomerang.
The boomerang hits you.
You closely miss the orc. You barely miss the orc priest. You hit the orc.
The orc misses you.
The orc priest hits you but does no damage.
You barely miss the orc priest. You hit the orc but do no damage.
The orc hits you but does no damage.
The orc priest hits you with a +0 flail.
The orc hits you but does no damage. The orc priest barely misses you.
You slash the orc priest!
The orc priest is severely wounded.
You hit the orc.
You kill the orc!
The orc priest hits you with a +0 flail!
You hit the orc priest.
The orc priest is almost dead.
The orc priest hits you with a +0 flail!
You hit the orc priest but do no damage.
The orc priest is almost dead.
The orc priest looks braver for a moment.
The orc priest closely misses you.
You barely miss the orc priest.
The orc priest is almost dead.
The orc priest hits you with a +0 flail.
* * * LOW HITPOINT WARNING * * *
You hit the orc priest but do no damage.
The orc priest is almost dead.
The orc priest invokes the aid of Beogh against you.
Pain shoots through your body!
* * * LOW HITPOINT WARNING * * *
You closely miss the orc priest.
The orc priest is almost dead.
The orc priest barely misses you.
The orc priest invokes the aid of Beogh against you.
Beogh smites you!
You die...

##.......## #####
#.........#
#.........#
#.........#
#..)......#
#..)......#
##.).....#### ##
##.........######....
#.........##@o...#
#...........)#####
#.........####
#.........#
#.........#
###########


You could see an orc priest.

Vanquished Creatures
  An adder (D:2)
  A dart slug (D:1)
  9 orcs
  7 ball pythons
  8 bats
  10 endoplasms
  3 giant cockroaches
  3 goblins
  6 hobgoblins
  5 jackals
  3 kobolds
  4 quokkas
  3 frilled lizards (D:2)
  6 rats
69 creatures vanquished.

Notes
Turn   | Place    | Note
-------+----------+-------------------------------------------
     0 | D:1      | booth the Demonspawn Gladiator began the quest for the Orb.
     0 | D:1      | Reached XP level 1. HP: 16/16 MP: 1/1
   209 | D:1      | Gained mutation: You have a pair of small antennae on your
                  | head. [demonic ancestry]
   209 | D:1      | Reached XP level 2. HP: 21/22 MP: 2/2
   612 | D:1      | Reached XP level 3. HP: 24/28 MP: 3/3
  1804 | D:2      | Reached XP level 4. HP: 33/34 MP: 4/4
  1900 | D:2      | Found a faded altar of an unknown god.
  1919 | D:2      | Identified the +1 robe of the Iron City of Dis {Regen+
                  | Str+3 Archmagi}
  2067 | D:3      | Found Cyxzur's Antique Weapon Emporium.
  2387 | D:3      | Killed from afar by an orc priest

Illustrated notes

Levels and vault maps discovered:
D:1:      evilmike_arrival_plus, layout_basic, grunt_decor_junction,
          minmay_ruptured
D:2:      layout_basic, shapermc_ecumenical_altar_mp_ritualfount,
          corexii_corridor_pit
D:3:      layout_rooms, serial_shops, shop, minmay_ogre_servants

Skill      XL: |  1  2  3 |
---------------+----------+-----
Axes           | 3 |  3.7
Throwing       | 2 |  2.4
Dodging        | 3 |  3.1
Fighting       | |  2.8

Action                     |  1- 3 |  4- 6 || total
---------------------------+-------+-------++-------
  Melee: War axe           |   131 |    62 ||   193
  Throw: Dart              |     1 |     2 ||     3
         Javelin           |       |     1 ||     1
    Use: Scroll            |     2 |     3 ||     5
 Armour: Leather armour    |     4 |       ||     4
         Ring mail         |    82 |    41 ||   123
  Dodge: Dodged            |    75 |    38 ||   113
  Block: Other             |     3 |    19 ||    22
         Reflection        |       |     2 ||     2
